 Seeded DCSS version 0.30-b1-5-g8e6c1be481 (webtiles) character file.

Game seed: 5042023 (custom seed)

126 Kazon the Conjurer (level 5, 0/36 HPs)
             Began as a Human Conjurer on May 4, 2023.
             Slain by a scorpion (3 damage)
             ... on level 4 of the Dungeon.
             The game lasted 00:10:39 (2592 turns).

Kazon the Conjurer (Human Conjurer)                 Turns: 2592, Time: 00:10:39

Health: 0/36       AC: 14    Str:  9    XL:     5   Next: 32%
Magic:  8/8        EV:  0    Int: 24    God:
Gold:   187        SH:  0    Dex: 12    Spells: 5/8 levels left

rFire   . . .        n - +0 war axe
rCold   . . .        j - orb {light}
rNeg    . . .        v - +3 plate armour
rPois   +            (no helmet)
rElec   .            (no cloak)
rCorr   .            (no gloves)
SInv    .            f - +0 pair of boots
Will    .....        (no amulet) Stlth
                     k - +6 ring of intelligence
HPRegen 0.26/turn    (no ring)
MPRegen 0.11/turn

%: no passive effects
@: brilliant, lethally poisoned (0 -> -3), glowing, invisible (but backlit and
visible)
A: poison resistance, screaming 1
a: no special abilities


You were on level 4 of the Dungeon.
You visited 1 branch of the dungeon, and saw 4 of its levels.

You collected 187 gold pieces.

Inventory:

Hand Weapons
 d - a +0 whip
 e - a +0 dagger of holy wrath
 n - a +0 war axe (weapon)
Missiles
 r - 3 javelins
 s - 12 stones (quivered)
Armour
 f - a +0 pair of boots (worn)
 j - an orb of light (worn)
 v - a +3 plate armour (worn)
Jewellery
 k - a +6 ring of intelligence (left hand)
Wands
 q - a wand of polymorph (9)
Scrolls
 c - 3 scrolls of fear {unknown}
 h - 2 scrolls of magic mapping {unknown}
 i - a scroll of silence {unknown}
 l - 2 scrolls of fog {unknown}
 m - 2 scrolls of identify {unknown}
 o - 3 scrolls of teleportation {unknown}
 u - a scroll of poison {unknown}
Potions
 b - a potion of magic


   Skills:
 + Level 0.6 Fighting
 + Level 2.0 Axes
 + Level 0.3 Throwing
 + Level 0.3 Armour
 + Level 2.5 Dodging
 + Level 2.3 Stealth
 + Level 0.1 Unarmed Combat
 + Level 2.2 Spellcasting
 + Level 4.8 Conjurations
 * Level 1.0 Evocations


You had 5 spell levels left.
You knew the following spells:

 Your Spells              Type           Power      Damage    Failure   Level
a - Magic Dart            Conj           100%       1d8       100%        1
b - Searing Ray           Conj           76%        2d7       100%        2

Your spell library contained the following spells:

 Spells                   Type           Power      Damage    Failure   Level
 Dazzling Flash           Conj/Hex       42%        N/A       100%        3
 Fulminant Prism          Conj/Hex       10%        3d8       100%        4
 Iskenderun's Mystic Bla  Conj/Tloc      21%        2d6       100%        4


Dungeon Overview and Level Annotations

Branches:
Dungeon (4/15)
 Temple: D:4-7

Altars:


Innate Abilities, Weirdness & Mutations

Your system is resistant to poisons. (rPois)
You occasionally shout uncontrollably at your foes.


Message History

You feel very sick.
The scorpion stings you but does no damage.
A goblin comes into view. It is wielding a +0 club.
Unknown command.
The goblin shouts!
You hit the scorpion.
The scorpion is almost dead.
You feel sick.
The scorpion stings you but does no damage.
The scorpion stings you.
* * * LOW HITPOINT WARNING * * *
You are more poisoned.
The scorpion poisons you!
You feel better. The scorpion stings you.
* * * LOW HITPOINT WARNING * * *
You are lethally poisoned!
The scorpion poisons you!
You hit the scorpion but do no damage.
The scorpion is almost dead.
* * * LOW HITPOINT WARNING * * *
You feel very sick.
The scorpion stings you but does no damage. x2
Unknown command.
It was a potion of invisibility.
You become transparent, but the glow from your halo prevents you from becoming completely invisible.
* * * LOW HITPOINT WARNING * * *
You feel sick.
The scorpion stings you but does no damage.
* * * LOW HITPOINT WARNING * * *
You feel sick.
It was a potion of brilliance.
You feel clever all of a sudden.
* * * LOW HITPOINT WARNING * * *
You feel sick.
The scorpion stings you but does no damage.
It was a potion of mutation.
You feel extremely strange.
You feel resistant to poisons.
You feel the urge to shout.
* * * LOW HITPOINT WARNING * * *
You feel sick. The scorpion stings you.
You die...

................#
................#
................#
........####+###.#
........#......+.#
........#......#.
........#......#.#
.......†gs.....#
#.......#@.....#
#.......#......#
#.......########
#######.. +.. #..
#.


You could see a scorpion and a goblin.

Vanquished Creatures
  A scorpion (D:4)
  An adder (D:3)
  2 worms (D:2)
  8 ball pythons
  8 bats
  4 endoplasms
  A giant cockroach (D:1)
  4 goblins
  6 hobgoblins (D:1)
  A quokka (D:1)
  3 frilled lizards
  3 kobolds
  5 rats
47 creatures vanquished.

Notes
Turn   | Place    | Note
-------+----------+-------------------------------------------
     0 | D:1      | Kazon the Human Conjurer began the quest for the Orb.
     0 | D:1      | Reached XP level 1. HP: 13/13 MP: 3/3
   115 | D:1      | Reached XP level 2. HP: 17/19 MP: 1/5
   118 | D:1      | Learned a level 2 spell: Searing Ray
   388 | D:1      | Reached XP level 3. HP: 24/24 MP: 3/6
  1338 | D:2      | Reached XP level 4. HP: 30/30 MP: 7/7
  1867 | D:3      | Reached skill level 1 in Axes
  2441 | D:4      | Noticed a scorpion
  2465 | D:4      | Killed a scorpion
  2466 | D:4      | Reached skill level 1 in Evocations
  2466 | D:4      | Reached XP level 5. HP: 13/36 MP: 8/8
  2592 | D:4      | Gained mutation: Your system is resistant to poisons.
                  | (rPois) [potion of mutation]
  2592 | D:4      | Gained mutation: You occasionally shout uncontrollably at
                  | your foes. [potion of mutation]
  2592 | D:4      | Slain by a scorpion

Illustrated notes

Levels and vault maps discovered:
D:1:      roderic_dead_forest, layout_loops_ring
D:2:      layout_basic, nrook_mini_vaults
D:3:      layout_basic
D:4:      layout_gridville, gammafunk_temple_overflow_elements, temple_doors_cd,
          uniq_ijyb

Skill      XL: |  1  2  3  4 |
---------------+-------------+-----
Axes           | 2 |  2.0
Evocations     | 1 |  1.0
Fighting       | |  0.6
Throwing       | |  0.3
Armour         | |  0.3
Dodging        | |  2.5
Stealth        | |  2.3
Unarmed Combat | |  0.1
Spellcasting   | |  2.2
Conjurations   | |  4.8

Action                     |  1- 3 |  4- 6 || total
---------------------------+-------+-------++-------
  Melee: Unarmed           |     9 |       ||     9
         Whip              |    30 |       ||    30
         Punch             |     2 |       ||     2
         War axe           |    30 |    44 ||    74
  Throw: Stone             |     7 |    14 ||    21
   Cast: Magic Dart        |    28 |       ||    28
         Searing Ray       |     1 |       ||     1
    Use: Potion            |       |     5 ||     5
   Stab: Sleeping          |     3 |     1 ||     4
 Armour: Robe              |    16 |     2 ||    18
         Plate armour      |       |    44 ||    44
  Dodge: Dodged            |    53 |     6 ||    59
